AoeStats
← reev699169

Arena

507997758Analyzed
3v3 RM · 11d ago on Sep 20, 2026· 53m 54s· 6 players
Game mode
Random Map
Map size
Normal (6 player)
Population
200
Speed
Normal
Resources
Standard
Victory
Conquest
Starting age
Dark Age
Ending age
Imperial Age
RankedLock teamsTeams togetherTeam positionsShared explorationLock speedFull tech treeHidden civsTurbo modeCheats
Victory
Defeat
🇪🇸 Celts · Spain
1021
+14
🇷🇺 Franks · Russia
987
+15
🇹🇷 Chinese · Türkiye
954
+16
🇨🇳 Bohemians · China
989
-16
🇨🇳 Huns · China
954
-15
🇨🇳 Spanish · China
946
-14
vwusxa7
0:36 Loom
10:57 Feudal Age
11:31 Horse Collar
15:35 Castle Age
13:32 Double-Bit Axe
15:13 Stone Mining
16:34 Heavy Plow
21:02 Town Watch
21:59 Bow Saw
22:38 Gold Mining
23:26 Stone Shaft Mining
23:25 Gold Mining
24:30 Wheelbarrow
24:16 Fletching
24:28 Padded Archer Armor
24:43 Town Patrol
24:53 Town Patrol
25:54 Bodkin Arrow
25:59 Padded Archer Armor
26:22 Hand Cart
26:22 Padded Archer Armor
27:32 Gold Shaft Mining
27:42 Ballistics
27:58 Fortified Wall
28:02 Masonry
29:36 Masonry
32:08 Imperial Age
30:40 Thumb Ring
31:01 Caravan
31:18 Leather Archer Armor
32:11 Elite Chu Ko Nu
33:12 Conscription
32:56 Bracer
33:42 Ring Archer Armor
34:25 Two-Man Saw
36:27 Architecture
36:59 Chemistry
42:03 Murder Holes
42:34 Scale Mail Armor
42:45 Forging
42:46 Man-at-Arms
43:20 Long Swordsman
44:00 Squires
43:47 Arson
44:19 Chain Mail Armor
44:40 Iron Casting
43:50 Two-Handed Swordsman
44:29 Champion
46:53 Plate Mail Armor
47:45 Blast Furnace
Fran
10:28 Feudal Age
10:38 Loom
11:21 Town Watch
11:37 Double-Bit Axe
13:54 Wheelbarrow
13:49 Horse Collar
15:03 Gold Mining
17:35 Stone Mining
18:38 Man-at-Arms
19:34 Arson
27:51 Castle Age
26:29 Scale Mail Armor
27:45 Forging
27:54 Long Swordsman
29:05 Hand Cart
29:32 Fervor
31:56 Heavy Plow
38:42 Fletching
40:55 Chain Mail Armor
40:51 Treadmill Crane
41:27 Fortified Wall
41:46 Bow Saw
46:42 Caravan
47:26 Iron Casting
49:52 Pikeman
52:40 Bodkin Arrow
53:29 Gambesons
54:30 Masonry
Ray
11:02 Feudal Age
14:46 Castle Age
13:59 Forging
13:39 Double-Bit Axe
21:27 Loom
21:36 Arson
21:52 Town Watch
22:01 Fletching
23:57 Bodkin Arrow
26:08 Fervor
26:13 Gold Mining
31:05 #83
32:39 Caravan
37:46 Imperial Age
35:52 Masonry
35:38 Murder Holes
38:05 Scale Barding Armor
37:49 Cavalier
41:07 Chemistry
44:56 Paladin
46:38 Chivalry
47:22 Conscription
49:35 Iron Casting
lunb829195
11:16 Feudal Age
16:28 Castle Age
14:57 Stone Mining
14:59 Loom
15:20 Double-Bit Axe
15:54 Horse Collar
18:56 Gold Mining
19:22 Bow Saw
32:30 Imperial Age
31:21 Wheelbarrow
32:28 Hand Cart
33:13 Town Watch
33:57 Ballistics
35:10 Chemistry
34:34 Heavy Plow
36:35 Two-Man Saw
37:23 Bloodlines
37:13 Husbandry
38:32 Padded Archer Armor
38:23 Fletching
39:11 Squires
38:31 Pikeman
39:43 Gambesons
40:34 Arson
41:16 Scale Mail Armor
41:27 Forging
41:19 Halberdier
43:14 Chain Mail Armor
43:34 Iron Casting
44:30 Conscription
46:44 Cavalier
47:14 Elite Conquistador
49:43 Leather Archer Armor
49:24 Bodkin Arrow
50:30 Blast Furnace
50:00 Plate Mail Armor
reev699169
1:15 Loom
11:24 Feudal Age
17:04 Castle Age
15:06 Horse Collar
19:36 Wheelbarrow
20:40 Double-Bit Axe
23:09 Heavy Plow
24:41 Bow Saw
29:05 Chemistry
31:58 Imperial Age
29:56 Hand Cart
31:13 Padded Archer Armor
31:04 Fletching
32:28 Leather Archer Armor
33:11 Ballistics
32:31 Treadmill Crane
33:14 Ballistics
32:35 Treadmill Crane
33:17 Ballistics
32:39 Treadmill Crane
33:26 Scale Barding Armor
33:55 Ring Archer Armor
33:20 Bodkin Arrow
34:32 Conscription
34:17 Wagenburg Tactics
36:34 Wagenburg Tactics
36:46 Bracer
36:55 Elite Hussite Wagon
42:59 Elite Skirmisher
49:35 Two-Man Saw
54:32 Hussite Reforms
opwo175712
12:01 Feudal Age
16:28 Castle Age
14:21 Double-Bit Axe
14:48 Horse Collar
23:16 Husbandry
24:10 Gold Mining
24:46 Loom
26:48 Bloodlines
27:30 Marauders
28:44 Wheelbarrow
28:58 Wheelbarrow
28:46 Scale Barding Armor
28:52 Forging
29:04 Heavy Plow
31:22 Chain Barding Armor
34:10 Iron Casting
47:04 Elite Skirmisher
Connection lost

Rejoining the realm…

Still unreachable

The connection could not be restored.

Session expired

The server has moved on; the page needs a fresh start.